[Event "Live Chess"]
[Site "Chess.com"]
[Date "2024.06.01"]
[Round "-"]
[White "NottheBishopSacrifice"]
[Black "nigelst"]
[Result "1-0"]
[WhiteElo "2258"]
[BlackElo "1663"]
[TimeControl "300"]
[EndTime "14:29:20 PDT"]
[Termination "NottheBishopSacrifice won by resignation"]

1. d4 Nf6 2. c4 e6 3. Nf3 Bb4+ 4. Bd2 Qe7 5. e3 O-O 6. Bd3 Bxd2+ 7. Qxd2 d6 8. Nc3 Nbd7 9. O-O e5 10. Bc2 c6 11.
b4 a5 12. b5 c5 13. dxe5 Nxe5 14. Nxe5 dxe5 15. Be4 Rb8 16. Nd5 Nxd5 17. Bxd5 Be6 18.
e4 b6 19. a4 Rfd8 20. Qe3 f5 21. Bxe6+ Qxe6 22. exf5 Qxf5 23. Rae1 Re8 24. Rd1 Rbd8 25.
Rde1 Rd4 26. Rc1 Qe6 27. Qe2 Red8 28. Rfe1 Rd2 29. Qe4 R2d4 30. Qb7 Rxc4 31. Rxc4 Qxc4 32. Qxb6 Qd5 33. Qxa5 Qd2 34. Qxd2 Rxd2 35. a5 Rb2 36. b6 Rb5 37. Ra1 c4 38. a6 c3 39. a7 c2 40. a8=Q+ Kf7 41. Qa2+ Kg6 42. Qxc2+ 1-0

[Event "Live Chess"]
[Site "Chess.com"]
[Date "2024.06.01"]
[Round "-"]
[White "Rusty_Bridges"]
[Black "ACM42"]
[Result "1-0"]
[WhiteElo "1524"]
[BlackElo "2160"]
[TimeControl "300"]
[EndTime "14:29:22 PDT"]
[Termination "Rusty_Bridges won by resignation"]

1. e4 e6 2. d4 d5 3. exd5 exd5 4. Bd3 Bd6 5. Nf3 Ne7 6. O-O O-O 7. Re1 c6 8. c3 Nd7 9. Bg5 f6 10. Bh4 Re8 11.
Qc2 Nf8 12. Nbd2 Neg6 13. Bg3 Rxe1+ 14. Rxe1 Nf4 15. Nf1 Bg4 16. Nh4 Nxd3 17. Qxd3 Qc7 18. Nf5 Bxg3 19. N1xg3 Ng6 20. h4 Rd8 21. h5 Nf4 22. Qe3 Nxh5 23. Qe6+ Qf7 24. Nh6+ gxh6 25. Qxg4+ Ng7 26. Nf5 h5 27. Nh6+ Kf8 28. Nxf7 hxg4 29. Nxd8 1-0

[Event "Live Chess"]
[Site "Chess.com"]
[Date "2024.06.01"]
[Round "-"]
[White "Frankie_Badacsonyi"]
[Black "ZombieChainsaw"]
[Result "1-0"]
[WhiteElo "2440"]
[BlackElo "1792"]
[TimeControl "300"]
[EndTime "14:29:27 PDT"]
[Termination "Frankie_Badacsonyi won by resignation"]

1. d4 g6 2. e4 Bg7 3. Be3 d6 4. Nc3 Nf6 5. f3 O-O 6. Qd2 a6 7. O-O-O b5 8. Kb1 Nbd7 9. Bh6 Nb6 10. h4 b4 11. Nce2 d5 12. e5 Ne8 13. h5 c5 14.
hxg6 Nc4 15. Qc1 Bf5 16. Bxg7 Nxg7 17. gxf7+ Rxf7 18. g4 Bg6 19. Nf4 Bxc2+ 20. Qxc2 Rxf4 21. Qxh7+ Kf8 22. Qh8+ Kf7 23. Qxd8 Rxd8 24. Bxc4 dxc4 25. d5 e6 26. dxe6+ Nxe6 27. Rxd8 Nxd8 28. Rh6 Ne6 29. Rh7+ Kg6 30. Ra7 Nd4 31. Rxa6+ Kf7 32. Ra5 Nxf3 33. Nxf3 Rxf3 34. Rxc5 Rf4 35. Rb5 Rxg4 36. Rxb4 Ke6 37. Rb5 Rg1+ 38. Kc2 Ra1 39. a3 Re1 40. Rc5 Re4 41.
Kc3 1-0

[Event "Live Chess"]
[Site "Chess.com"]
[Date "2024.06.01"]
[Round "-"]
[White "Brooms1989"]
[Black "KeithArkell"]
[Result "1-0"]
[WhiteElo "1141"]
[BlackElo "2421"]
[TimeControl "300"]
[EndTime "14:29:27 PDT"]
[Termination "Brooms1989 won by resignation"]

1. e4 c6 2. Nf3 d5 3. exd5 cxd5 4.
Ne5 Nf6 5. d4 Nc6 6. Bb5 g6 7.
Nxc6 Bd7 8. Nxd8 Bc6 9. Nxc6 a6 10. Ne5+ axb5 11. O-O Bg7 12. c3 O-O 13. Bg5 Ne4 14. Be3 f6 15. Nf3 Rfc8 16. Nbd2 Nd6 17. Bf4 Nc4 18.
Nxc4 bxc4 19. Re1 Kf7 20. Qe2 Bf8 21. a3 Rc6 22. Nd2 Rb6 23. Rab1 Raa6 24. Qf3 e6 25. h3 Be7 26. Nf1 Ra8 27. Ng3 Ra5 28. Bc7 Rab5 29. Bxb6 Rxb6 30. Ne2 Bd6 1-0

[Event "Live Chess"]
[Site "Chess.com"]
[Date "2024.06.01"]
[Round "-"]
[White "NeilDruggan73"]
[Black "PughmanChess"]
[Result "1-0"]
[WhiteElo "1751"]
[BlackElo "1376"]
[TimeControl "300"]
[EndTime "14:29:33 PDT"]
[Termination "NeilDruggan73 won by resignation"]

1. d4 f5 2. Bg5 h6 3. Bh4 g5 4. e4 Nf6 5. e5 gxh4 6. exf6 exf6 7. Qh5+ Ke7 8. Nc3 d6 9. O-O-O Nd7 10. Re1+ Ne5 11. dxe5 fxe5 12. Bc4 Qe8 13. Nd5+ Kd7 14. Nf6+ 1-0

[Event "Live Chess"]
[Site "Chess.com"]
[Date "2024.06.01"]
[Round "-"]
[White "upoe610"]
[Black "RichardABates"]
[Result "0-1"]
[WhiteElo "2239"]
[BlackElo "2231"]
[TimeControl "300"]
[EndTime "14:29:41 PDT"]
[Termination "RichardABates won by resignation"]

1. c4 g6 2. g3 Bg7 3. Bg2 Nf6 4. Nc3 O-O 5. d4 d6 6. h3 c6 7. e4 e5 8. Nf3 exd4 9. Nxd4 d5 10. cxd5 cxd5 11.
exd5 Re8+ 12. Be3 Nbd7 13. O-O Ne5 14. Qe2 Bd7 15. Rfd1 Rc8 16. Ndb5 Bxb5 17. Qxb5 Nc4 18. Bxa7 b6 19. d6 Rc5 20. Qb3 Qd7 21. Na4 Qxa7 22.
Nxc5 Na5 23. Qb5 bxc5 24. Rac1 Nd7 25. a3 Bd4 26. b4 Nb3 27. Bc6 Nxc1 28. Bxd7 Ne2+ 29.
Kg2 Nc3 30. Qc6 Rd8 31. Be8 Nxd1 32. d7 cxb4 33. Qc4 Rxd7 34. Qc8 Qb7+ 0-1

[Event "Live Chess"]
[Site "Chess.com"]
[Date "2024.06.01"]
[Round "-"]
[White "imchessive"]
[Black "cymbalshift"]
[Result "0-1"]
[WhiteElo "1594"]
[BlackElo "1509"]
[TimeControl "300"]
[EndTime "14:29:48 PDT"]
[Termination "cymbalshift won by checkmate"]

1. d4 Nf6 2. c4 e6 3. Nf3 c5 4. Nc3 cxd4 5. Nxd4 a6 6. Bf4 d6 7. b4 e5 8. Nf5 Bxf5 9. Be3 Qc7 10. g3 Qxc4 11.
Rc1 Qxb4 12. Bg2 Be7 13. O-O O-O 14. Bd2 Qb6 15. e4 Be6 16. Rb1 Qc7 17. Be3 b5 18. Rc1 Bc4 19. Nd5 Nxd5 20. exd5 f5 21. f4 Nd7 22. Qd2 Bf6 23. Rc2 Rac8 24. Rfc1 Nb6 25. Bxb6 Qxb6+ 26. Kh1 e4 27. Rb1 Bd3 28. Rxc8 Rxc8 29.
Re1 Rc2 30. Qd1 Qf2 31. Rg1 Bd4 32. h4 Qxg3 33. Bxe4 Qh3# 0-1

[Event "Live Chess"]
[Site "Chess.com"]
[Date "2024.06.01"]
[Round "-"]
[White "BostonStrangler"]
[Black "bonantagulo"]
[Result "0-1"]
[WhiteElo "2118"]
[BlackElo "2115"]
[TimeControl "300"]
[EndTime "14:29:53 PDT"]
[Termination "bonantagulo won by resignation"]

1. c4 Nf6 2. Nc3 e5 3. Nf3 Nc6 4. a3 a5 5. g3 Bc5 6. Bg2 O-O 7. e3 Re8 8. O-O e4 9. Ng5 Qe7 10. d4 exd3 11. Qxd3 d6 12. Nd5 Qe5 13. Nxc7 Qxg5 14. Nxa8 Re7 15. e4 Qh5 16. Be3 Ng4 17.
h4 Nce5 18. Qe2 Bxe3 19. fxe3 Qg6 20. Nb6 Be6 21. Nd5 Bxd5 22. cxd5 Nf6 23. Rf3 Nxf3+ 24. Qxf3 Nxe4 25. Rc1 h5 26. Kh2 Nf6 27. Bh3 Ng4+ 28. Bxg4 hxg4 29. Qf4 Re5 30. Qd4 Qf5 31. e4 Rxe4 32.
Rc8+ Kh7 0-1

[Event "Live Chess"]
[Site "Chess.com"]
[Date "2024.06.01"]
[Round "-"]
[White "GEMdzq"]
[Black "DylanMeyer1"]
[Result "1-0"]
[WhiteElo "2316"]
[BlackElo "1709"]
[TimeControl "300"]
[EndTime "14:29:56 PDT"]
[Termination "GEMdzq won by resignation"]

1. e4 d5 2. exd5 Qxd5 3. Nc3 Qd6 4. d4 a6 5. Bc4 Nf6 6. Nf3 e6 7. O-O Be7 8. Ne5 O-O 9. Bf4 Qd7 10. Nxd7 Bxd7 11. Bxc7 Nc6 12. Be5 Rad8 13. Qe2 b5 14. Bd3 Nb4 15. Rad1 Nxd3 16. Rxd3 Bc6 17. Rg3 g6 18. h4 Nh5 19. Qxh5 1-0

[Event "Live Chess"]
[Site "Chess.com"]
[Date "2024.06.01"]
[Round "-"]
[White "JanMur7"]
[Black "Mangoalo"]
[Result "1-0"]
[WhiteElo "2290"]
[BlackElo "1067"]
[TimeControl "300"]
[EndTime "14:30:15 PDT"]
[Termination "JanMur7 won by resignation"]

1. c4 e5 2. Nc3 Nf6 3. Nf3 Bb4 4. Nxe5 Qe7 5. Nf3 O-O 6. g3 Re8 7. Bg2 d6 8. O-O Nc6 9. Re1 Bg4 10. d4 Rad8 11. d5 Ne5 12. Nxe5 dxe5 13. f3 Bd7 14. e4 c6 15. Be3 b6 16. a3 Bxc3 17. bxc3 c5 18. a4 a5 19. Rb1 Qd6 20. Qb3 Rb8 21.
Re2 Rb7 22. Reb2 Reb8 23. Qa3 Rc7 24. h4 h5 25. Rb3 Be8 26. R1b2 Nd7 27. Bh3 f6 28.
Be6+ Bf7 29. Bxf7+ Kxf7 30. Rb5 Rcb7 31. Qa1 Rg8 32. Rxa5 bxa5 33. Rxb7 Rd8 34. Qb2 Qa6 35. Qb5 Qxb5 36. cxb5 Ke7 37. Bxc5+ Ke8 38. Bb6 Nxb6 39. Rxb6 Ke7 40. Rb7+ Rd7 41. Rxd7+ Kxd7 42. c4 1-0

[Event "Live Chess"]
[Site "Chess.com"]
[Date "2024.06.01"]
[Round "-"]
[White "Plato_77"]
[Black "CarmelJane"]
[Result "0-1"]
[WhiteElo "1361"]
[BlackElo "2087"]
[TimeControl "300"]
[EndTime "14:30:25 PDT"]
[Termination "CarmelJane won on time"]

1. d4 g6 2. Nf3 Bg7 3. Bf4 d6 4. e3 a6 5. c3 b6 6. Nbd2 Bb7 7. Be2 Nd7 8. O-O e6 9. h3 Ne7 10. Qc2 h6 11. Bh2 O-O 12. e4 Rc8 13. Rad1 Nf6 14.
Bd3 d5 15. e5 Nd7 16. Rfe1 c5 17. Qb1 cxd4 18. cxd4 b5 19. Rc1 Nb6 20. Rxc8 Qxc8 21. Rc1 Qd7 22. Nb3 Na4 23. Nc5 Nxc5 24. Rxc5 Rc8 25.
Qc1 Rxc5 26. Qxc5 Bf8 27. Qc2 Qc6 28. Qb1 b4 29. Bf4 a5 30. Bd2 Ba6 31. Kh2 Bxd3 32. Qxd3 Nf5 33. g4 Ne7 34. a3 bxa3 35. bxa3 Qc4 36.
Qxc4 dxc4 37. Ne1 Nc6 38. Bc3 Bxa3 39. Nc2 Bb4 40. Nxb4 axb4 41. Bd2 c3 42. Bxh6 Nxd4 43. Be3 Nf3+ 44. Kg3 Nxe5 45. Bd4 Nd3 0-1

[Event "Live Chess"]
[Site "Chess.com"]
[Date "2024.06.01"]
[Round "-"]
[White "wadsy27"]
[Black "StoreySniper"]
[Result "1-0"]
[WhiteElo "2545"]
[BlackElo "2529"]
[TimeControl "300"]
[EndTime "14:30:29 PDT"]
[Termination "wadsy27 won by resignation"]

1. d4 g6 2. c4 Bg7 3. Nf3 c5 4. d5 d6 5. Nc3 Bg4 6. e4 Bxf3 7. Qxf3 Nd7 8. Qd1 Ngf6 9. Be2 O-O 10. O-O Ne8 11.
Be3 Nc7 12. f4 a6 13. a4 Rb8 14. Qd2 Re8 15. Rf3 Nf8 16. f5 Nd7 17. Rh3 b5 18. axb5 axb5 19. cxb5 Nf6 20. Kh1 Qd7 21. Rf1 Nxb5 22.
Nxb5 Rxb5 23. Bxb5 Qxb5 24. Qe1 Nxe4 25. fxg6 hxg6 26.
Rhf3 Nf6 27. Bg5 Qd7 28. b4 cxb4 29. Qxb4 Nxd5 30. Qh4 f5 31. Rh3 e6 32. Qh7+ Kf7 33.
Bh6 Rg8 34. Rg3 Ne7 35. h4 Qa4 36. Bxg7 Rxg7 37. Qh6 Ng8 38. Qg5 Nf6 39. Rb1 Kg8 40. Qxf6 Kh7 41. Rxg6 Rxg6 42. Rb7+ 1-0

[Event "Live Chess"]
[Site "Chess.com"]
[Date "2024.06.01"]
[Round "-"]
[White "Dhaydon19"]
[Black "Zhevzh1k7"]
[Result "1-0"]
[WhiteElo "2678"]
[BlackElo "1105"]
[TimeControl "300"]
[EndTime "14:30:34 PDT"]
[Termination "Dhaydon19 won by resignation"]

1. d4 Nf6 2. Nf3 e6 3. g3 d5 4.
Bg2 c6 5. c3 Bd7 6. O-O Bd6 7.
Re1 O-O 8. Qc2 Na6 9. Nbd2 Qc7 10. e4 dxe4 11. Nxe4 Nxe4 12. Qxe4 f5 13. Qc2 c5 14.
dxc5 Nxc5 15. Be3 Ne4 16. Rad1 Bc6 17. Nd4 Nc5 18. Bxc6 bxc6 19. b4 Nb7 20. Nxe6 Qe7 21. Nxf8 Rxf8 22. Bxa7 Qf6 23. Bd4 Qf7 24. Qb3 Qxb3 25.
axb3 f4 26. Re6 c5 27. Rxd6 cxd4 28. R6xd4 fxg3 29. hxg3 h6 30. Rd7 Rf7 31. Rxf7 Kxf7 32. Rd7+ Kf6 33. Rxb7 1-0

[Event "Live Chess"]
[Site "Chess.com"]
[Date "2024.06.01"]
[Round "-"]
[White "crais6"]
[Black "IanCalvert2"]
[Result "0-1"]
[WhiteElo "1618"]
[BlackElo "1642"]
[TimeControl "300"]
[EndTime "14:30:50 PDT"]
[Termination "IanCalvert2 won by checkmate"]

1. d4 d5 2. Nc3 Nf6 3. Bf4 c5 4. e3 cxd4 5. exd4 a6 6. Bd3 Nc6 7. Nf3 Bg4 8. Be2 e6 9. O-O Bd6 10. Bg3 Bxg3 11. hxg3 Qd6 12. Re1 h5 13. Na4 Ne4 14. Nc5 Nxc5 15. dxc5 Qxc5 16. c4 O-O 17. cxd5 Qxd5 18. Qxd5 exd5 19. a3 g6 20. Rad1 Rad8 21. Nd4 Bxe2 22. Rxe2 Nxd4 23. Rxd4 Rfe8 24. Red2 Re6 25.
Rxd5 Rxd5 26. Rxd5 Re1+ 27. Kh2 Re2 28. Rd8+ Kg7 29.
Rd7 Rxb2 30. Kg1 Rb3 31. Kf1 Rxa3 32. Rxb7 Ra2 33. Ke1 a5 34. Ra7 a4 35. Kd1 Rxf2 36. Rxa4 Rxg2 37. Ra3 Kh6 38. Ke1 Kg5 39. Kf1 Rb2 40.
Ra7 f5 41. Ra6 Rb4 42. Kf2 h4 43. gxh4+ Rxh4 44. Kg3 Rb4 45. Ra5 Rb3+ 46. Kf2 Kg4 47. Kg2 Rb2+ 48. Kf1 g5 49. Ra4+ f4 50. Rc4 Kg3 51.
Rc3+ f3 52. Ra3 Rb1# 0-1

[Event "Live Chess"]
[Site "Chess.com"]
[Date "2024.06.01"]
[Round "-"]
[White "GwaryTek"]
[Black "WelshTiger"]
[Result "0-1"]
[WhiteElo "1917"]
[BlackElo "2517"]
[TimeControl "300"]
[EndTime "14:30:57 PDT"]
[Termination "WelshTiger won on time"]

1. d4 d5 2. c4 dxc4 3. e3 a6 4.
a4 e6 5. Bxc4 Nf6 6. Nf3 c5 7. O-O Nc6 8. Qe2 cxd4 9. Rd1 Be7 10. Nxd4 Nxd4 11. Rxd4 Qc7 12. Nc3 O-O 13. Bd2 Bd7 14.
Rc1 Bc6 15. Be1 Rfd8 16. Rcd1 Rxd4 17. Rxd4 Rd8 18. Qd1 Rxd4 19. Qxd4 Qd6 20. Qxd6 Bxd6 21. f3 Bc5 22. Kf2 Kf8 23. Ke2 Ke7 24. b3 Nd7 25.
Bd3 f5 26. h3 g5 27. g4 Kf6 28.
gxf5 exf5 29. Bg3 Ne5 30. e4 f4 31. Be1 Bd4 32. Nd5+ Bxd5 33. exd5 h6 34. Be4 Nd7 35. Ba5 b6 36. Bb4 Bc5 37. Bc3+ Kf7 38. Kd3 Bd6 39. Bf5 Nc5+ 40. Kc4 Be7 41. Bd4 h5 42. Bxc5 Bxc5 43. Be6+ Kf6 0-1

[Event "Live Chess"]
[Site "Chess.com"]
[Date "2024.06.01"]
[Round "-"]
[White "ShanthamGrarks"]
[Black "Tushinskiy"]
[Result "0-1"]
[WhiteElo "1789"]
[BlackElo "2282"]
[TimeControl "300"]
[EndTime "14:31:01 PDT"]
[Termination "Tushinskiy won by resignation"]

1. d4 d5 2. Nc3 c6 3. Nf3 Nf6 4. Bg5 Bf5 5. h3 Nbd7 6. e3 Bg6 7. Bd3 Qb6 8. Rb1 Ne4 9. Nh4 Nxg5 10. Nxg6 hxg6 11.
h4 Ne6 12. f4 Nf6 13. f5 gxf5 14. Bxf5 Nc7 15. a4 e6 16. Bd3 a5 17. Qf3 Bd6 18. g4 e5 19. Qg2 exd4 20. exd4 Qxd4 21. g5 Nh5 22. Kd1 O-O-O 23. Re1 Kb8 24. Ne2 Qxh4 25.
g6 f6 26. b4 Bxb4 27. c3 Nf4 28. Nxf4 Qxf4 29. cxb4 Rh2 30. Rf1 Qh6 31. Rf2 Rxg2 32. Rxg2 Qh1+ 33. Kc2 Qxg2+ 34. Kb3 0-1

[Event "Live Chess"]
[Site "Chess.com"]
[Date "2024.06.01"]
[Round "-"]
[White "nigelst"]
[Black "lyricalschemes"]
[Result "0-1"]
[WhiteElo "1663"]
[BlackElo "2401"]
[TimeControl "300"]
[EndTime "14:31:03 PDT"]
[Termination "lyricalschemes won by resignation"]

1. e4 Nf6 2. e5 Nd5 3. d4 d6 4. exd6 cxd6 5. c4 Nb6 6. Nc3 g6 7. Be3 Bg7 8. Bd3 O-O 9. Nge2 Nc6 10. O-O Nb4 11. a3 Nxd3 12. Qxd3 Bf5 13. Qd2 Nxc4 14. Qc1 Rc8 15. b3 Nb6 16. a4 Bd3 17. a5 Bxe2 18. Nxe2 Rxc1 0-1

[Event "Live Chess"]
[Site "Chess.com"]
[Date "2024.06.01"]
[Round "-"]
[White "ACM42"]
[Black "upoe610"]
[Result "1-0"]
[WhiteElo "2170"]
[BlackElo "2228"]
[TimeControl "300"]
[EndTime "14:31:11 PDT"]
[Termination "ACM42 won by resignation"]

1. e4 e5 2. Nf3 Nc6 3. Bc4 Nf6 4. d4 exd4 5. e5 Ne4 6. Bd5 Nc5 7. Nxd4 Ne6 8. Nf3 Bc5 9. O-O O-O 10. Nc3 d6 11.
Ne4 Bb6 12. exd6 cxd6 13. a3 Bc7 14. Neg5 Nxg5 15. Bxg5 h6 16. Bxd8 1-0

[Event "Live Chess"]
[Site "Chess.com"]
[Date "2024.06.01"]
[Round "-"]
[White "vincents82"]
[Black "dl_chess"]
[Result "1-0"]
[WhiteElo "2093"]
[BlackElo "1181"]
[TimeControl "300"]
[EndTime "14:31:49 PDT"]
[Termination "vincents82 won on time"]

1. e4 e6 2. d4 d5 3. Nd2 Nf6 4. e5 Nfd7 5. Bd3 c5 6. c3 Nc6 7. Ne2 Qb6 8. Nf3 cxd4 9. cxd4 Nxd4 10. Nexd4 a6 11. O-O Nc5 12. Bb1 Bd7 13. Be3 Rc8 14.
a3 Bb5 15. Re1 Be7 16. b4 Nd7 17. Nxb5 Qxb5 18. Bd3 Rc4 19. Bxc4 Qxc4 20. Rc1 Qb5 21. Rc8+ Bd8 22. Qe2 Qxe2 23. Rxe2 O-O 24. Rec2 Be7 25. Rxf8+ Bxf8 26. Rc7 Nb8 27. Rxb7 Nc6 28.
Rc7 Ne7 29. Bc5 Nf5 30. Rc8 g6 31. Bxf8 h5 32. Ng5 1-0

[Event "Live Chess"]
[Site "Chess.com"]
[Date "2024.06.01"]
[Round "-"]
[White "BishopofWells"]
[Black "WorcesterYork"]
[Result "0-1"]
[WhiteElo "1539"]
[BlackElo "2491"]
[TimeControl "300"]
[EndTime "14:31:54 PDT"]
[Termination "WorcesterYork won by resignation"]

1. d4 c5 2. d5 d6 3. c4 g6 4. e4 Bg7 5. Qc2 a6 6. Bd2 Nf6 7. Nc3 O-O 8. Nf3 e6 9. Be2 exd5 10. Nxd5 Nxd5 11. cxd5 Bg4 12. O-O Nd7 13. h3 Bxf3 14. Bxf3 b5 15. Bc3 Ne5 16. Be2 b4 17. Bd2 a5 18. Rab1 Re8 19. Bb5 Re7 20. Bg5 f6 21. Be3 Rb8 22. Ba4 Nd7 23. f4 Nb6 24. Bb3 Qd7 25. a3 Rbe8 26. axb4 axb4 27. e5 fxe5 28. fxe5 Rxe5 29. Bf4 Re2 30. Qd3 Rxb2 31. Rxb2 Bxb2 32. Qg3 Be5 33. Bxe5 Rxe5 34. Qf4 Qe7 35. Kh2 Rf5 36. Qc1 Qe5+ 37. Kh1 Rxf1+ 38. Qxf1 Kg7 39. Qf3 c4 40. Bd1 Nxd5 41. Qg4 Nf6 42. Qf3 b3 43. Bxb3 cxb3 44. Qxb3 d5 45. Qb7+ Kh6 46. Qb5 Ne4 47. Qb1 d4 48. Qc1+ Qg5 49. Qa3 Qf4 50. Qa4 d3 51. Qb3 d2 52. Qd1 Nf2+ 0-1

[Event "Live Chess"]
[Site "Chess.com"]
[Date "2024.06.01"]
[Round "-"]
[White "FlyingChessKestrel13"]
[Black "booktrunk"]
[Result "1-0"]
[WhiteElo "2062"]
[BlackElo "1410"]
[TimeControl "300"]
[EndTime "14:31:57 PDT"]
[Termination "FlyingChessKestrel13 won by resignation"]

1. e4 b6 2. Nf3 Bb7 3. d3 e6 4. Nbd2 Nf6 5. g3 h6 6. Bg2 Bb4 7. O-O a5 8. c3 Be7 9. e5 Nh7 10. d4 O-O 11. h4 d6 12. Nc4 dxe5 13. Ncxe5 Bf6 14. Bf4 Nd7 15. Nxd7 Qxd7 16. Ne5 Bxe5 17. Bxb7 Rab8 18. dxe5 Qxd1 19. Raxd1 Rxb7 20. Rd7 f6 21. Rfd1 Rf7 22. Rxf7 Kxf7 23. Rd7+ Kf8 24. exf6 Nxf6 25. Rxc7 Rxc7 26. Bxc7 Nd7 27. Kf1 Ke7 28. Bf4 b5 29.
Ke2 Nf6 30. Kd3 Nd5 31. Be3 Kd7 32. b3 Kc6 33. c4 bxc4+ 34. bxc4 Nb4+ 35. Kd4 Nxa2 36.
Ke5 Nb4 37. Kxe6 Nc2 38. Bc1 a4 39. Kf7 Kc5 40. Kxg7 Kxc4 41. Kxh6 Kb3 42. g4 Nd4 43. g5 Kc2 44. Ba3 Nb5 45. Bf8 Nd4 46. g6 Ne6 47. Bd6 Kd3 48. g7 Nxg7 49. Kxg7 Ke4 50.
h5 Kf3 51. h6 Kxf2 52. h7 Ke3 53. h8=Q Kd3 54. Qa8 Kd4 55. Qxa4+ Kd5 56. Qg4 Kxd6 57. Kf6 1-0

[Event "Live Chess"]
[Site "Chess.com"]
[Date "2024.06.01"]
[Round "-"]
[White "CCGoodKnightRookie"]
[Black "lateforthesky"]
[Result "1-0"]
[WhiteElo "2377"]
[BlackElo "2145"]
[TimeControl "300"]
[EndTime "14:32:00 PDT"]
[Termination "CCGoodKnightRookie won by resignation"]

1. d4 Nf6 2. Nc3 d5 3. Bf4 g6 4. e3 Bg7 5. h4 O-O 6. h5 c5 7.
hxg6 fxg6 8. Nf3 cxd4 9. Qxd4 Nc6 10. Qd2 Bf5 11. O-O-O Qa5 12. a3 Rfd8 13. Bd3 Bxd3 14. Qxd3 e5 15. Nxe5 Nxe5 16. Bxe5 Rac8 17. Bxf6 Bxf6 18.
Nxd5 Kg7 19. Qb3 Rd6 20. Qxb7+ 1-0

[Event "Live Chess"]
[Site "Chess.com"]
[Date "2024.06.01"]
[Round "-"]
[White "e4evr"]
[Black "Ferrarifan27"]
[Result "0-1"]
[WhiteElo "2271"]
[BlackElo "2087"]
[TimeControl "300"]
[EndTime "14:32:02 PDT"]
[Termination "Ferrarifan27 won by checkmate"]

1. e4 e5 2. f4 exf4 3. Nf3 Be7 4. Bc4 d6 5. d4 g5 6. O-O Bg4 7. c3 Nd7 8. Qb3 Nb6 9. Bxf7+ Kf8 10. Nxg5 Bxg5 11.
Bxf4 Kg7 12. Bxg8 Rxg8 13. Bxg5 Qxg5 14. Qf7+ Kh8 15. Na3 Qg7 16. Nb5 Bh3 17. Qxg7+ Rxg7 18. Rf2 Rag8 19. g3 a6 20. Na3 Re8 21. Re1 Kg8 22. Rf4 Rf7 23. Rh4 Bd7 24. b3 Rfe7 25. Nc2 Bc6 26.
Rg4+ Kh8 27. e5 dxe5 28. dxe5 Rxe5 29. Rxe5 Rxe5 30. Nd4 Bd7 31. Rf4 Kg7 32. Kf2 Nd5 33. Rf3 c5 34. Ne2 Rf5 35. Nf4 Nxf4 36. gxf4 Bc6 37.
Rg3+ Kf7 38. Ke3 h5 39. Rg1 b5 40. c4 bxc4 41. bxc4 Rf6 42. Rg5 Re6+ 43. Kd3 Be4+ 44. Kc3 Bg6 45. Rxc5 Re3+ 46. Kd4 Re4+ 47. Kd5 Rxf4 48.
Rc7+ Kg8 49. Rc6 Kg7 50. Rxa6 Bf7+ 51. Ke5 Rxc4 52. a4 Rc2 53. h4 Rh2 54. a5 Rxh4 55.
Rb6 Ra4 56. Rb5 h4 57. Kd6 h3 58. Rb2 Rxa5 59. Rh2 Ra3 60. Ke5 Kg6 61. Kf4 Be6 62. Re2 Ra6 63. Kg3 Bf5 64. Kh2 Kg5 65. Rd2 Kh4 66.
Rd4+ Bg4 67. Rd2 Re6 68. Rd8 Re2+ 69. Kg1 Kg3 70. Rd3+ Bf3 71. Kf1 Rh2 72. Ke1 Rh1+ 73.
Kd2 Rd1+ 74. Ke3 Rxd3+ 75. Kxd3 h2 76. Kd4 h1=Q 77. Ke5 Qe1+ 78. Kd6 Qe4 79. Kd7 Kf4 80. Kc7 Qd5 81. Kb6 Qc6+ 82. Ka7 Be2 83. Kb8 Bf3 84.
Ka7 Qb7# 0-1

[Event "Live Chess"]
[Site "Chess.com"]
[Date "2024.06.01"]
[Round "-"]
[White "gmnorfolk"]
[Black "gobbles19"]
[Result "0-1"]
[WhiteElo "2081"]
[BlackElo "2271"]
[TimeControl "300"]
[EndTime "14:32:22 PDT"]
[Termination "gobbles19 won by resignation"]

1. c4 e5 2. Nc3 Bc5 3. Nf3 d6 4. e3 Nf6 5. d4 exd4 6. exd4 Bb6 7. Bd3 O-O 8. Bg5 Re8+ 9. Kf1 Bg4 10. h3 Bxf3 11. Qxf3 Bxd4 12. Qxb7 Nbd7 13. Nd5 Nc5 14. Qc6 Nxd3 15. Rd1 Ne5 16. Qa4 c5 17. f4 Ned7 18. Qc2 Nb6 19. Rxd4 cxd4 20. Nxf6+ gxf6 21. Bh6 Qe7 22.
Qf2 Qe3 23. Qh4 Qe2+ 24. Kg1 Qe1+ 0-1

[Event "Live Chess"]
[Site "Chess.com"]
[Date "2024.06.01"]
[Round "-"]
[White "hapehansen"]
[Black "agamilewska"]
[Result "1-0"]
[WhiteElo "2255"]
[BlackElo "1764"]
[TimeControl "300"]
[EndTime "14:32:33 PDT"]
[Termination "hapehansen won by resignation"]

1. Nf3 d5 2. d4 Nf6 3. g3 e6 4. Bg2 c5 5. c4 dxc4 6. O-O cxd4 7. Qa4+ Nc6 8. Rd1 Bd7 9. Qxc4 Be7 10. Nxd4 Nxd4 11.
Qxd4 O-O 12. Nc3 Bc6 13. Bxc6 Qxd4 14. Rxd4 bxc6 15. Bg5 c5 16. Rd3 Rab8 17. b3 h6 18. Bxf6 Bxf6 19. Rc1 Rfd8 20. Rxd8+ Rxd8 21. Ne4 Bd4 22. e3 f5 23. exd4 fxe4 24. dxc5 Rc8 25. Kf1 a5 26.
Ke2 Kf7 27. Ke3 e5 28. Kxe4 Ke6 29. c6 Kd6 30. c7 g5 31. g4 1-0

[Event "Live Chess"]
[Site "Chess.com"]
[Date "2024.06.01"]
[Round "-"]
[White "MellowAesthetic"]
[Black "AndyJWise"]
[Result "1-0"]
[WhiteElo "2071"]
[BlackElo "1045"]
[TimeControl "300"]
[EndTime "14:32:37 PDT"]
[Termination "MellowAesthetic won by resignation"]

1. e4 c6 2. d4 d5 3. exd5 cxd5 4. c4 Nf6 5. Nc3 Bg4 6. Qb3 Qb6 7. cxd5 Qxb3 8.
axb3 Nbd7 9. h3 Bh5 10. g4 Bg6 11. Bg2 h6 12. Nge2 a6 13. Bf4 e6 14. d6 Ra7 15. Nb5 axb5 16. Rxa7 1-0

[Event "Live Chess"]
[Site "Chess.com"]
[Date "2024.06.01"]
[Round "-"]
[White "imchessive"]
[Black "GEMdzq"]
[Result "0-1"]
[WhiteElo "1594"]
[BlackElo "2316"]
[TimeControl "300"]
[EndTime "14:32:54 PDT"]
[Termination "GEMdzq won by resignation"]

1. d4 Nf6 2. c4 e5 3. dxe5 Ng4 4.
Nf3 Nc6 5. g3 Bc5 6. e3 Ngxe5 7.
Nxe5 Nxe5 8. Bg2 O-O 9. O-O d6 10. Qb3 Rb8 11. Nc3 Bg4 12. Na4 Nf3+ 13. Kh1 Qf6 14. Nxc5 dxc5 15. e4 Nd4 16. Qd3 Be2 17.
Qe3 Bxf1 18. Bxf1 Nc2 19. Qxc5 Nxa1 20. Bd3 Rbd8 21. Qe3 Rxd3 22. Qxd3 Qxf2 23. Be3 Qf3+ 24. Kg1 Nc2 25. Bxa7 Qxd3 0-1

[Event "Live Chess"]
[Site "Chess.com"]
[Date "2024.06.01"]
[Round "-"]
[White "road2gm5000"]
[Black "f4nomore"]
[Result "1-0"]
[WhiteElo "1092"]
[BlackElo "1233"]
[TimeControl "300"]
[EndTime "14:33:14 PDT"]
[Termination "road2gm5000 won by resignation"]

1. e4 g6 2. d4 Bg7 3. Nf3 d6 4.
Nc3 Nf6 5. Bd3 O-O 6. Be3 Nbd7 7. O-O b6 8. Qe2 Ng4 9. h3 Nxe3 10. Qxe3 Nf6 11.
Rfe1 Bb7 12. e5 dxe5 13. dxe5 Nd5 14. Nxd5 Bxd5 15. Be4 Bxe4 16. Qxe4 e6 17. Rad1 Qe7 18.
Rd2 Rad8 19. Red1 Rxd2 20. Rxd2 Rd8 21. Rxd8+ Qxd8 22. Qd3 Qxd3 23. cxd3 Bf8 24. d4 c5 25. Kf1 cxd4 26. Nxd4 Bc5 27. Nc6 a6 28. Ke2 Kg7 29. f3 f6 30. exf6+ Kxf6 31. Kd3 Bf2 32. Ke4 h5 33.
Nb8 a5 34. Nc6 g5 35. b3 g4 36. hxg4 hxg4 37. fxg4 Kg5 38. Kf3 Bg1 39. Ne5 Bd4 40.
Nd3 e5 41. g3 Bc3 42. Nf2 Bd4 43. Ne4+ Kg6 44. Nd6 Kg5 45. Nf7+ Kg6 46. Nd8 Kg5 47.
Ne6+ Kf6 48. Nxd4 exd4 49. Ke4 d3 50. Kxd3 Kg5 51. Kc4 Kxg4 52. Kb5 Kxg3 53. Kxb6 Kf4 54. Kxa5 Ke5 55. b4 Kd6 56. Ka6 Kc7 57. b5 Kb8 58. b6 Ka8 59. a4 Kb8 60. a5 Ka8 61. Kb5 Kb8 62. a6 Ka8 63. Kc6 Kb8 64. Kd7 Ka8 65.
a7 Kb7 66. Kd6 Ka8 67. Kc5 Kb7 68. Kb5 Ka8 69. Ka5 Kb7 70. a8=Q+ Kxa8 71. Ka6 Kb8 72. b7 Kc7 73. Ka7 1-0